 Dungeon Crawl Stone Soup version 0.28.0-49-g6dfe1f597d (webtiles) character file.

Game seed: 5443441626906528826

2 jjjjhere the Sneak (level 1, -3/20 HPs)
             Began as a Hill Orc Delver on May 17, 2022.
             Was an Initiate of Nemelex Xobeh.
             Slain by an orc
             ... wielding a +0 trident
              (5 damage)
             ... on level 5 of the Dungeon.
             The game lasted 00:00:44 (119 turns).

jjjjhere the Sneak (Hill Orc Delver)                 Turns: 119, Time: 00:00:45

Health: -3/20      AC:  5    Str: 14    XL:     1   Next: 30%
Magic:  1/1        EV: 10    Int: 10    God:    Nemelex Xobeh [......]
Gold:   15         SH:  0    Dex: 12    Spells: 0/0 levels left

rFire   . . .      SeeInvis .   a - +0 hand axe
rCold   . . .      Faith    .   (no shield)
rNeg    . . .      Spirit   .   h - +0 ring mail
rPois   .          Reflect  .   (no helmet)
rElec   .          Harm     .   (no cloak)
rCorr   .          Rampage  .   (no gloves)
Will    .....                   (no boots)
Stlth   ++........              (no amulet)
HPRegen 0.06/turn               (no ring)
MPRegen 0.07/turn               (no ring)

@: hasted, very quick
A: no striking features
a: Renounce Religion, Convert to Beogh, Draw Escape, Draw Destruction, Draw
Summoning


You were on level 5 of the Dungeon.
You worshipped Nemelex Xobeh.
Nemelex Xobeh was noncommittal.
You visited 2 branches of the dungeon, and saw 2 of its levels.

You collected 15 gold pieces.

Inventory:

Hand Weapons
 a - a +0 hand axe (weapon)
Armour
 b - a +0 leather armour
 h - a +0 ring mail (worn)
Wands
 g - a wand of digging (3)
 j - a wand of polymorph (7)
Scrolls
 c - a scroll of fog
 d - a scroll of magic mapping
 e - a scroll of fear
 i - a scroll of vulnerability {unknown}


   Skills:
 + Level 3.7 Fighting
 * Level 2.8 Axes
 - Level 1.5 Dodging
 - Level 4.1 Stealth


You couldn't memorise any spells.
You didn't know any spells.
Your spell library was empty.

Dungeon Overview and Level Annotations

Branches:
Dungeon (5/15)             Temple (1/1) D:5

Altars:
Nemelex Xobeh


Message History

There is an open door here.
Found a jewelled glass wand.
You see here a scroll labelled ZALIECVAPTA.
Cleave: a) +0 hand axe
Press: ? - help, Dir - move target, f - you
Okay, then.
i - a scroll labelled ZALIECVAPTA The gnoll shouts!
You hear a shout!
You see here a wand of polymorph (8).
j - a wand of polymorph (8)
Okay, then.
An orc priest comes into view. It is wielding a +0 whip.
The gnoll hits you but does no damage.
Aiming: Polymorph
Press: ? - help, Shift-Dir - straight line, f - gnoll
Aim: a gnoll, wielding a +0 spear (will become a hobgoblin, an endoplasm, or an orc, chance to affect: 57%)
The gnoll resists with significant effort.
The orc priest shouts!
The orc priest shouts, "Join the one true god or die!" (press Y on the ability menu to convert to Beogh)
You hear a shout!
The orc misses you.
The gnoll hits you from afar with a +0 spear.
You feel yourself speed up. The orc hits you but does no damage.
A gnoll comes into view. It is wielding a +0 spear.
The gnoll hits you from afar with a +0 spear.
You hit the orc.
The orc is almost dead.
The orc hits you with a +0 whip.
You closely miss the orc.
The orc is almost dead.
The gnoll hits you from afar with a +0 spear.
The orc barely misses you.
You hit the orc.
You kill the orc!
The gnoll hits you from afar with a +0 spear.
* * * LOW HITPOINT WARNING * * *
The orc hits you with a +0 trident.
You die...
Your body disappears without a glow.

####### #.g.o.#
#.#.#@# ##.#.#.#
#..o.#.#
#.g#.#g#
#..#g#o##
#.g...gg# #
###...##.g#.#..
#.?..###..#.#.##
#....'.#........


You could see a gnoll shaman, an orc priest, 4 gnolls and an orc.

Vanquished Creatures
  An orc (D:5)
1 creature vanquished.

Notes
Turn   | Place    | Note
-------+----------+-------------------------------------------
     0 | D:5      | jjjjhere the Hill Orc Delver began the quest for the Orb.
     0 | D:5      | Reached XP level 1. HP: 19/19 MP: 1/1
     3 | D:5      | Found a staircase to the Ecumenical Temple.
    23 | Temple   | Entered the Ecumenical Temple
    33 | Temple   | Became a worshipper of Nemelex Xobeh the Trickster
    68 | D:5      | Noticed a gnoll shaman
   111 | D:5      | Noticed an orc priest
   118 | D:5      | HP: 2/19 [gnoll/+0 spear (5)]
   119 | D:5      | Slain by an orc

Illustrated notes

Levels and vault maps discovered:
D:5:      layout_basic, mainiacjoe_overflow_chevrons,
          minmay_temple_entry_sparse_star, minivault_23
Temple:   regret_index_temple_generic_petals

Action                   || total
-------------------------++-------
Melee: Hand axe          ||     3
Evoke: Wand              ||     1
  Use: Potion            ||     1
Armor: Ring mail         ||     2
Dodge: Dodged            ||     2
